 Dungeon Crawl Stone Soup version 0.20.1-1-g8b1a95d (webtiles) character file.

653 ReteAZ the Cleaver (level 7, -4/57 HPs)
             Began as a Minotaur Fighter on Aug 16, 2017.
             Killed from afar by a steam dragon (11 damage)
             ... with a ball of steam
             ... on level 6 of the Dungeon.
             The game lasted 00:04:15 (4005 turns).

ReteAZ the Cleaver (Minotaur Fighter)               Turns: 4005, Time: 00:04:16

Health: -4/57      AC:  8    Str: 22      XL:     7   Next: 29%
Magic:  0/6        EV:  7    Int:  5      God:
Gold:   229        SH:  9    Dex:  9 (10) Spells: 6/6 levels left

rFire    . . .     SeeInvis .   a - +0 war axe
rCold    . . .     Gourm    .   c - +0 shield
rNeg     . . .     Faith    .   b - +0 scale mail
rPois    .         Spirit   +   (helmet restricted)
rElec    .         Reflect  .   D - scarf {Spirit}
rCorr    .         Harm     .   s - +0 pair of gloves
MR       .....                  (no boots)
Stlth    ..........             (no amulet)
Regen    0.2/turn               p - ring of flight
MPRegen  0.1/turn               (no ring)

@: no status effects
A: retaliatory headbutt, horns 2
a: Evoke Flight


You were on level 6 of the Dungeon.
You were not hungry.

You visited 1 branch of the dungeon, and saw 6 of its levels.

You collected 229 gold pieces.

Inventory:

Hand Weapons
 a - a +0 war axe (weapon)
Missiles
 E - a throwing net (quivered)
Armour
 b - a +0 scale mail (worn)
 c - a +0 shield (worn)
 s - a +0 pair of gloves (worn)
 D - a scarf of spirit shield (worn)
Jewellery
 p - a ring of flight (left hand)
Wands
 e - a wand of random effects (34/48)
Scrolls
 i - a scroll of remove curse
 l - 4 scrolls of amnesia
 m - a scroll of fog {unknown}
 o - 2 scrolls of teleportation
 t - 2 scrolls of identify
 u - 4 scrolls of immolation {unknown}
 y - a scroll of recharging {unknown}
Potions
 d - a potion of might
 n - a potion of curing
 q - a potion of brilliance {unknown}
 r - a potion of ambrosia {unknown}
 v - a potion of haste {unknown}
 w - a potion of heal wounds {unknown}
 x - a potion of flight {unknown}
 z - a potion of agility {unknown}
 A - a potion of mutation {unknown}
 B - a potion of lignification {unknown}
Books
 h - a book of Changes

   Spells                             Type                      Level
   a - Beastly Appendage              Transmutation                1
   b - Sticks to Snakes               Transmutation                2
   c - Spider Form                    Transmutation/Poison         3
   d - Ice Form                       Ice/Transmutation            4
   e - Blade Hands                    Transmutation                5
Comestibles
 f - 4 bread rations
 g - 3 meat rations
 j - 2 royal jellies
 k - 7 fruits
 C - 7 chunks of flesh


   Skills:
 - Level 3.6 Fighting
 + Level 9.8 Axes
 - Level 3.6 Armour
 - Level 3.6 Shields


You had 6 spell levels left.
You didn't know any spells.

Dungeon Overview and Level Annotations

Branches:
Dungeon (6/15)             Temple (0/1) D:5

Altars:
Fedhas
Nemelex Xobeh
Trog
Vehumet
Xom


Innate Abilities, Weirdness & Mutations

You reflexively headbutt those who attack you in melee.
You have a pair of horns on your head.


Message History

You are engulfed in a cloud of scalding steam.
The fungus is engulfed in a cloud of scalding steam.
You block the steam dragon's attack. The steam dragon claws you.
You block the steam dragon's attack.
The steam dragon claws you but does no damage.
You closely miss the steam dragon.
The steam dragon is moderately wounded.
You hit the steam dragon. You slash the fungus! You hit the fungus.
You are engulfed in a cloud of scalding steam.
* * * LOW HITPOINT WARNING * * *
The fungus is engulfed in a cloud of scalding steam. x2
The steam dragon bites you.
* * * LOW HITPOINT WARNING * * *
You block the steam dragon's attack. The steam dragon breathes steam at you.
The ball of steam hits you!
* * * LOW HITPOINT WARNING * * *
The steam dragon breathes steam at you. The ball of steam hits you!
You die...

### ###^≈## ###
#≈^..PP####### ###^P
#P....P.§§PP§#######P≈.≈
≈.....D@§.§.....P.P≈≈^P≈
≈....≈D≈P.P.PPPP........
≈≈...^P#########P≈.≈P≈PP
#≈.≈≈.# ..########.
##..P# ....###### ####
......... #..##### #####
###...... #...####
#........


You could see 2 steam dragons.

Vanquished Creatures
  An ogre (D:6)
  A bullfrog (D:6)
  A crimson imp (D:5)
  A quasit (D:6)
  4 hounds
  An orc priest (D:3)
  4 worker ants
  Robin (D:3)
  4 gnolls (D:5)
  2 adders
  An ooze (D:4)
  2 worms
  2 dart slugs
  6 leopard geckos
  13 orcs
  A ball python (D:1)
  7 giant cockroaches
  13 goblins
  7 hobgoblins
  14 jackals
  3 quokkas
  A ball python skeleton (D:4)
  5 bats
  3 frilled lizards
  6 kobolds
  A leopard gecko skeleton (D:4)
  A quokka skeleton (D:5)
  5 rats
111 creatures vanquished.

Notes
Turn   | Place    | Note
-------+----------+-------------------------------------------
     0 | D:1      | ReteAZ the Minotaur Fighter began the quest for the Orb.
     0 | D:1      | Reached XP level 1. HP: 19/19 MP: 0/0
    40 | D:1      | Reached skill level 3 in Axes
   113 | D:1      | Reached XP level 2. HP: 26/26 MP: 1/1
   210 | D:1      | Reached skill level 4 in Axes
   618 | D:2      | Reached XP level 3. HP: 23/31 MP: 2/2
   960 | D:2      | Found a blossoming altar of Fedhas.
  1340 | D:3      | Noticed Robin
  1342 | D:3      | Reached skill level 5 in Axes
  1357 | D:3      | Killed Robin
  1357 | D:3      | Reached XP level 4. HP: 18/39 MP: 3/3
  1574 | D:3      | Found a shimmering altar of Xom.
  1662 | D:3      | Reached skill level 6 in Axes
  1989 | D:3      | Found a sparkling altar of Nemelex Xobeh.
  2300 | D:3      | Reached XP level 5. HP: 45/45 MP: 4/4
  2400 | D:4      | Reached skill level 7 in Axes
  2700 | D:4      | Reached XP level 6. HP: 41/51 MP: 5/5
  3092 | D:4      | Found a radiant altar of Vehumet.
  3179 | D:5      | Entered Level 5 of the Dungeon
  3218 | D:5      | Reached skill level 8 in Axes
  3236 | D:5      | Found a bloodstained altar of Trog.
  3405 | D:5      | Found a staircase to the Ecumenical Temple.
  3738 | D:5      | Reached skill level 9 in Axes
  3839 | D:6      | Reached XP level 7. HP: 41/57 MP: 3/6
  3939 | D:6      | Found a shimmering altar of Xom.
  4000 | D:6      | Noticed a steam dragon
  4001 | D:6      | Noticed a steam dragon
  4005 | D:6      | Killed from afar by a steam dragon

Skill      XL: |  1  2  3  4  5  6 |
---------------+-------------------+-----
Axes           | 3 4 5 6 7 9 |  9.8
Fighting       | |  3.6
Armour         | |  3.6
Shields        | |  3.6

Action                   |  1- 3 |  4- 6 |  7- 9 || total
-------------------------+-------+-------+-------++-------
Melee: War axe           |    88 |   140 |    16 ||   244
       Headbutt          |    11 |    22 |     3 ||    36
  Use: Scroll            |       |     6 |       ||     6
  Eat: Chunk             |       |     9 |     1 ||    10
Armor: Scale mail        |    49 |    40 |    17 ||   106
Dodge: Dodged            |    28 |    37 |     8 ||    73
Block: Shield            |    58 |    80 |    14 ||   152
